 Dungeon Sprint DCSS version 0.30.1-9-gdf580d7c3d (webtiles) character file.

Game seed: 4596332556298918075

14 Heoruswealwe the Poker (level 2, -5/28 HPs)
             Began as a Minotaur Fighter on Sept 26, 2023.
             Slain by a sleepcap (15 damage)
             ... in the Dungeon (Sprint IX: "|||||||||||||||||||||||||||||").
             The game lasted 00:00:55 (59 turns).

Heoruswealwe the Poker (Minotaur Fighter)             Turns: 59, Time: 00:00:56

Health: -5/28      AC:  7    Str: 20    XL:     2   Next: 31%
Magic:  1/1        EV:  2    Int:  5    God:
Gold:   0          SH:  0    Dex:  9    Spells: 1/1 levels left

rFire   . . .        a - +0 trident
rCold   . . .        d - +0 buckler
rNeg    . . .        c - +0 scale mail
rPois   .            (helmet restricted)
rElec   .            (no cloak)
rCorr   .            (no gloves)
SInv    .            (no boots)
Will    .....        (no amulet) Stlth
                     (no ring)
HPRegen 0.24/turn    (no ring)
MPRegen 0.07/turn

%: no teleportation
@: sleeping
A: horns 2, retaliatory headbutt
a: no special abilities


You were in the Dungeon.
You visited 1 branch

Inventory:

Hand Weapons
 a - a +0 trident (weapon)
Armour
 c - a +0 scale mail (worn)
 d - a +0 buckler (worn)
Scrolls
 j - a scroll of blinking
Potions
 b - a potion of might
 e - a potion of curing
 g - a potion of haste
 i - a potion of berserk rage


   Skills:
 + Level 4.6 Fighting
 * Level 4.7 Polearms
 + Level 4.6 Armour
 - Level 3.6 Shields


You had one spell level left.
You didn't know any spells.
Your spell library was empty.

Dungeon Overview and Level Annotations

Branches:
Dungeon (1/1)

Altars:


Innate Abilities, Weirdness & Mutations

You have a pair of horns on your head.
You reflexively headbutt those who attack you in melee.


Message History

The ufetubus is heavily wounded.
The ufetubus hits you but does no damage.
The ufetubus hits you. The ufetubus closely misses you. The ufetubus hits you.
You closely miss the ufetubus.
The ufetubus is heavily wounded.
The ufetubus hits you. x2; The ufetubus barely misses you.
The ufetubus hits you.
You hit the ufetubus.
The ufetubus is almost dead.
You block the ufetubus's attack.
The ufetubus hits you but does no damage.
The ufetubus closely misses you. x2
You hit the ufetubus.
You kill the ufetubus!
You hit the sleepcap but do no damage. The sleepcap closely misses you.
You puncture the sleepcap!
The sleepcap is moderately damaged.
The sleepcap releases spores at you.
You hit the sleepcap.
The sleepcap is heavily damaged.
The sleepcap releases spores at you.
* * * LOW HITPOINT WARNING * * *
You hit the sleepcap but do no damage.
The sleepcap is heavily damaged.
The sleepcap releases spores at you!
* * * LOW HITPOINT WARNING * * *
You feel much better. The sleepcap releases spores at you!
You hit the sleepcap. You headbutt the sleepcap!
The sleepcap is severely damaged.
You block the sleepcap's attack.
You completely miss the sleepcap.
The sleepcap is severely damaged.
The sleepcap releases spores at you but does no damage.
The sleepcap releases spores at you.
You are engulfed in a cloud of soporific spores!
You fall asleep.
The white imp puffs mist at you. The sleepcap releases spores at you!
Ouch! That really hurt!
You die...

▓.▓
▓!▓
▓.▓
▓)▓
▓†▓
▓.▓
▓.▓
▓.▓
▓@▓
▓f▓
▓s▓
▓5▓
▓.▓
▓.▓
▓.▓
▓+▓


You could see a sleepcap, a scorpion and a white imp.

Vanquished Creatures
  An ufetubus (D)
  An orc (D)
  2 endoplasms (D)
  A giant cockroach (D)
  A hobgoblin (D)
  A kobold (D)
7 creatures vanquished.

Notes
Turn   | Place    | Note
-------+----------+-------------------------------------------
     0 | D        | Heoruswealwe the Minotaur Fighter began the quest for the
                  | Orb.
     0 | D        | Reached XP level 1. HP: 19/19 MP: 0/0
    42 | D        | Noticed a sleepcap
    42 | D        | Noticed a scorpion
    46 | D        | Reached XP level 2. HP: 28/28 MP: 1/1
    55 | D        | HP: 1/28 [sleepcap (7)]
    59 | D        | Slain by a sleepcap

Illustrated notes

Levels and vault maps discovered:
D:        linesprint [early_d, line_temple, items_1, d_10, items_2, lair_1,
          lair_end, items_3, orc_1, orc_end, items_4, d_15, swamp_1, shoals_1,
          snake_1, spider_1, d_20, vaults_1, items_5, swamp_end, shoals_end,
          snake_end, spider_end, vaults_end, d_27, items_6, zot_1, zot_end,
          crypt_end, forest_end, elf_end, slime_end, tomb_end, abyss_end,
          pan_hell_end]

Skill      XL: |  1 |
---------------+----+-----
Polearms       | 4 |  4.7
Fighting       | 4 |  4.6
Armour         | 4 |  4.6
Shields        | |  3.6

Action                     || total
---------------------------++-------
  Melee: Trident           ||    30
         Headbutt          ||     4
    Use: Potion            ||     1
 Armour: Scale mail        ||     4
  Dodge: Dodged            ||    14
  Block: Buckler           ||     9
